TOP OF THE 1ST |
Portland Beavers batting - Pitching for Eugene Emeralds : RHP Armando Gutierrez
|
Pitching: RHP Armando Gutierrez
|
|
Batting: SHB Wally Backman
|
0-0: Ball 1-0: Called Strike 1-1: Called Strike 1-2: Ball 2-2: Ground out 6-3 (Groundball, 56D, EV 110.0 MPH)
|
Batting: RHB Mark Wasinger
|
0-0: Called Strike 0-1: Ground out 6-3 (Groundball, 6M, EV 83.1 MPH)
|
Batting: LHB Harold Baines
|
0-0: Ball 1-0: Called Strike 1-1: Called Strike 1-2: Strikes out looking
|
Top of the 1st over - 0 runs, 0 hits, 0 errors, 0 left on base; Portland 0 - Eugene 0 |
BOTTOM OF THE 1ST |
Eugene Emeralds batting - Pitching for Portland Beavers : RHP Roy Smith
|
Pitching: RHP Roy Smith
|
|
Batting: LHB James Peters
|
0-0: Ball 1-0: Ball 2-0: Ball 3-0: Foul Ball, location: 2F 3-1: Foul Ball, location: 2F 3-2: Strikes out looking
|
Batting: LHB Randy Bush
|
0-0: Swinging Strike 0-1: Foul Ball, location: 2F 0-2: Foul Ball, location: 2F 0-2: Strikes out swinging
|
Batting: LHB Ty Gainey
|
0-0: Swinging Strike 0-1: Swinging Strike 0-2: Ball 1-2: Strikes out looking
|
Bottom of the 1st over - 0 runs, 0 hits, 0 errors, 0 left on base; Portland 0 - Eugene 0 |
TOP OF THE 2ND |
Portland Beavers batting - Pitching for Eugene Emeralds : RHP Armando Gutierrez
|
Batting: LHB Andre David
|
0-0: SOLO HOME RUN (Flyball, 89XD, EV 110.6 MPH), Distance : 437 ft
|
Batting: RHB Fred Manrique
|
0-0: Ball 1-0: Swinging Strike 1-1: Ball 2-1: Ball 3-1: Reached on error, E5 (Groundball, 56, EV 83.8 MPH)
|
Batting: RHB Robert Ferris
|
0-0: Ball 1-0: Called Strike 1-1: Ball 2-1: Ball 3-1: Called Strike 3-2: Foul Ball, location: 2F 3-2: Grounds into double play, 4-6-3 (Groundball, 4, EV 91.3 MPH)
|
Batting: RHB Pepe Mangual
|
0-0: Ball 1-0: Foul Ball, location: 2F 1-1: DOUBLE (Flyball, 78XD, EV 97.5 MPH)
|
Batting: RHB Dave Huppert
|
0-0: DOUBLE (Line Drive, 78D, EV 108.8 MPH) Pepe Mangual scores
|
Batting: LHB Pat Sheridan
|
0-0: Ball 1-0: Ball 2-0: Fly out, F9 (Flyball, 9LS, EV 88.8 MPH)
|
Top of the 2nd over - 2 runs, 3 hits, 1 error, 1 left on base; Portland 2 - Eugene 0 |
BOTTOM OF THE 2ND |
Eugene Emeralds batting - Pitching for Portland Beavers : RHP Roy Smith
|
Batting: LHB Dave Revering
|
0-0: Ground out 1-3 (Groundball, 23, EV 59.4 MPH)
|
Batting: RHB Tim Wallach
|
0-0: Foul Ball, location: 2F 0-1: Called Strike 0-2: Ball 1-2: Ball 2-2: Ground out 5-3 (Groundball, 5, EV 102.5 MPH)
|
Batting: LHB Clay Hill
|
0-0: Ball 1-0: Ball 2-0: Foul Ball, location: 2F 2-1: Ball 3-1: Foul Ball, location: 2F 3-2: Base on Balls
|
Batting: RHB Alan McDonald
|
0-0: Foul Ball, location: 2F 0-1: Ball 1-1: Ball 2-1: Fly out, F2 (Popup, 23F, EV 85.6 MPH)
|
Bottom of the 2nd over - 0 runs, 0 hits, 0 errors, 1 left on base; Portland 2 - Eugene 0 |
TOP OF THE 3RD |
Portland Beavers batting - Pitching for Eugene Emeralds : RHP Armando Gutierrez
|
Batting: SHB Wally Backman
|
0-0: Called Strike 0-1: Ball 1-1: Called Strike 1-2: Ground out U3 (Groundball, 3L, EV 76.9 MPH)
|
Batting: RHB Mark Wasinger
|
0-0: Ball 1-0: Foul Ball, location: 2F 1-1: Ball 2-1: Ball 3-1: Base on Balls
|
Batting: LHB Harold Baines
|
0-0: Foul Ball, location: 2F 0-1: Grounds into double play, 4-6-3 (Groundball, 4, EV 83.1 MPH)
|
Top of the 3rd over - 0 runs, 0 hits, 0 errors, 0 left on base; Portland 2 - Eugene 0 |
BOTTOM OF THE 3RD |
Eugene Emeralds batting - Pitching for Portland Beavers : RHP Roy Smith
|
Batting: LHB Alfredo Edmead
|
0-0: Foul Ball, location: 2F 0-1: Ball 1-1: Called Strike 1-2: Ground out 6-3 (Groundball, 4MS, EV 70.6 MPH)
|
Batting: LHB Terry Lee
|
0-0: Called Strike 0-1: Called Strike 0-2: Strikes out swinging
|
Batting: LHB James Peters
|
0-0: Ball 1-0: Foul Ball, location: 2F 1-1: Swinging Strike 1-2: Ball 2-2: Foul Ball, location: 2F 2-2: Ball 3-2: Base on Balls
|
Batting: LHB Randy Bush
|
0-0: Ball 1-0: Foul Ball, location: 2F 1-1: Ball Wild Pitch! James Peters to second 2-1: Foul Ball, location: 2F 2-2: Ground out 6-3 (Groundball, 6, EV 103.1 MPH)
|
Bottom of the 3rd over - 0 runs, 0 hits, 0 errors, 1 left on base; Portland 2 - Eugene 0 |
TOP OF THE 4TH |
Portland Beavers batting - Pitching for Eugene Emeralds : RHP Armando Gutierrez
|
Batting: LHB Andre David
|
0-0: Ball 1-0: Fly out, F4 (Popup, 4, EV 62.5 MPH)
|
Batting: RHB Fred Manrique
|
0-0: Called Strike 0-1: SOLO HOME RUN (Line Drive, 7D, EV 99.4 MPH), Distance : 379 ft
|
Batting: RHB Robert Ferris
|
0-0: Ball 1-0: Ball 2-0: Called Strike 2-1: Fly out, F5 (Popup, 56, EV 62.5 MPH)
|
Batting: RHB Pepe Mangual
|
0-0: Foul Ball, location: 2F 0-1: Ball 1-1: Called Strike 1-2: Ball 2-2: Foul Ball, location: 2F 2-2: Foul Ball, location: 2F 2-2: Strikes out looking
|
Top of the 4th over - 1 run, 1 hit, 0 errors, 0 left on base; Portland 3 - Eugene 0 |
BOTTOM OF THE 4TH |
Eugene Emeralds batting - Pitching for Portland Beavers : RHP Roy Smith
|
Batting: LHB Ty Gainey
|
0-0: Called Strike 0-1: Foul Ball, location: 2F 0-2: Ball 1-2: Ground out 3-1 (Groundball, 34, EV 101.9 MPH)
|
Batting: LHB Dave Revering
|
0-0: Called Strike 0-1: Called Strike 0-2: Strikes out looking
|
Batting: RHB Tim Wallach
|
0-0: Fly out, F9 (Flyball, 9, EV 90.0 MPH)
|
Bottom of the 4th over - 0 runs, 0 hits, 0 errors, 0 left on base; Portland 3 - Eugene 0 |
TOP OF THE 5TH |
Portland Beavers batting - Pitching for Eugene Emeralds : RHP Armando Gutierrez
|
Batting: RHB Dave Huppert
|
0-0: Ball 1-0: Ball 2-0: Ball 3-0: Base on Balls
|
Batting: LHB Pat Sheridan
|
0-0: Ball 1-0: Ball 2-0: Ball 3-0: Base on Balls Dave Huppert to second
|
Batting: SHB Wally Backman
|
0-0: Ball 1-0: Ball Wild Pitch! Dave Huppert to third Pat Sheridan to second 2-0: Ball 3-0: Foul Ball, location: 2F 3-1: Base on Balls
|
Batting: RHB Mark Wasinger
|
0-0: Called Strike 0-1: DOUBLE (Flyball, 8LD, EV 90.0 MPH) Dave Huppert scores Pat Sheridan scores Wally Backman to third
|
Batting: LHB Harold Baines
|
0-0: Ball 1-0: Swinging Strike 1-1: Ground out 6-3 (Groundball, 6, EV 97.5 MPH) Wally Backman scores
|
Batting: LHB Andre David
|
0-0: Ball 1-0: Ball 2-0: Ground out 4-3 (Groundball, 4, EV 81.3 MPH) Mark Wasinger to third
|
Batting: RHB Fred Manrique
|
0-0: Ball 1-0: Called Strike 1-1: Ground out 6-3 (Groundball, 6, EV 81.3 MPH)
|
Top of the 5th over - 3 runs, 1 hit, 0 errors, 1 left on base; Portland 6 - Eugene 0 |
BOTTOM OF THE 5TH |
Eugene Emeralds batting - Pitching for Portland Beavers : RHP Roy Smith
|
Batting: LHB Clay Hill
|
0-0: Called Strike 0-1: Ball 1-1: Ball 2-1: DOUBLE (Flyball, 8RXD, EV 102.5 MPH)
|
Batting: RHB Alan McDonald
|
0-0: Called Strike 0-1: Ball 1-1: Ball 2-1: SINGLE (Line Drive, 3D, EV 97.5 MPH) Clay Hill to third
|
Batting: LHB Alfredo Edmead
|
0-0: Ball 1-0: Ball 2-0: Called Strike 2-1: Ball 3-1: Called Strike 3-2: Fielders Choice at 2nd, 6-4 (Groundball, 6, EV 96.3 MPH) Clay Hill scores
|
Batting: LHB Terry Lee
|
0-0: Ball 1-0: Fly out, F8 (Flyball, 78XD, EV 90.6 MPH)
|
Batting: LHB James Peters
|
0-0: Foul Ball, location: 2F 0-1: Swinging Strike 0-2: Foul Ball, location: 2F 0-2: Foul Ball, location: 2F 0-2: Ball 1-2: Strikes out swinging
|
Bottom of the 5th over - 1 run, 2 hits, 0 errors, 1 left on base; Portland 6 - Eugene 1 |
TOP OF THE 6TH |
Portland Beavers batting - Pitching for Eugene Emeralds : RHP Armando Gutierrez
|
Batting: RHB Robert Ferris
|
0-0: Ball 1-0: Called Strike 1-1: Ball 2-1: Foul Ball, location: 2F 2-2: Foul Ball, location: 2F 2-2: Foul Ball, location: 2F 2-2: Ground out 6-3 (Groundball, 6, EV 82.5 MPH)
|
Batting: RHB Pepe Mangual
|
0-0: Called Strike 0-1: Ball 1-1: Ball 2-1: Foul Ball, location: 2F 2-2: Ball 3-2: Ground out 4-3 (Groundball, 4, EV 106.3 MPH)
|
Batting: RHB Dave Huppert
|
0-0: Foul Ball, location: 2F 0-1: Called Strike 0-2: Ball 1-2: Ball 2-2: Foul Ball, location: 2F 2-2: Strikes out looking
|
Top of the 6th over - 0 runs, 0 hits, 0 errors, 0 left on base; Portland 6 - Eugene 1 |
BOTTOM OF THE 6TH |
Eugene Emeralds batting - Pitching for Portland Beavers : RHP Roy Smith
|
Batting: LHB Randy Bush
|
0-0: Called Strike 0-1: Called Strike 0-2: Strikes out looking
|
Batting: LHB Ty Gainey
|
0-0: Ball 1-0: Ball 2-0: Swinging Strike 2-1: Ball 3-1: Swinging Strike 3-2: Base on Balls
|
Batting: LHB Dave Revering
|
0-0: Called Strike 0-1: Ball 1-1: Ball 2-1: Called Strike Ty Gainey is caught stealing 2nd base 2-6 2-2: Ball 3-2: Foul Ball, location: 2F 3-2: Ground out 4-3 (Groundball, 4, EV 105.6 MPH)
|
Bottom of the 6th over - 0 runs, 0 hits, 0 errors, 0 left on base; Portland 6 - Eugene 1 |
TOP OF THE 7TH |
Portland Beavers batting - Pitching for Eugene Emeralds : RHP Armando Gutierrez
|
Batting: LHB Pat Sheridan
|
0-0: Foul Ball, location: 2F 0-1: Ball 1-1: Ball 2-1: Ball 3-1: Ground out 6-3 (Groundball, 6M, EV 82.5 MPH)
|
Batting: SHB Wally Backman
|
0-0: Called Strike 0-1: Swinging Strike 0-2: Ground out 1-3 (Groundball, 13S, EV 68.8 MPH)
|
Batting: RHB Mark Wasinger
|
0-0: Ball 1-0: Called Strike 1-1: Foul Ball, location: 2F 1-2: Strikes out swinging
|
Top of the 7th over - 0 runs, 0 hits, 0 errors, 0 left on base; Portland 6 - Eugene 1 |
BOTTOM OF THE 7TH |
Eugene Emeralds batting - Pitching for Portland Beavers : RHP Roy Smith
|
Batting: RHB Tim Wallach
|
0-0: Fly out, F7 (Line Drive, 7, EV 92.5 MPH)
|
Batting: LHB Clay Hill
|
0-0: Called Strike 0-1: SINGLE (Line Drive, 6MD, EV 99.4 MPH)
|
Batting: RHB Alan McDonald
|
0-0: Foul Ball, location: 2F 0-1: Ball 1-1: Ball 2-1: Foul Ball, location: 2F 2-2: Strikes out looking
|
Batting: LHB Alfredo Edmead
|
0-0: Ball 1-0: Called Strike 1-1: Ball 2-1: Fly out, F8 (Flyball, 8RD, EV 76.3 MPH)
|
Bottom of the 7th over - 0 runs, 1 hit, 0 errors, 1 left on base; Portland 6 - Eugene 1 |
TOP OF THE 8TH |
Portland Beavers batting - Pitching for Eugene Emeralds : RHP Armando Gutierrez
|
Batting: LHB Harold Baines
|
0-0: Fly out, F8 (Flyball, 8LM, EV 93.8 MPH)
|
Batting: LHB Andre David
|
0-0: Fly out, F7 (Flyball, 78M, EV 80.6 MPH)
|
Batting: RHB Fred Manrique
|
0-0: Ball 1-0: Ground out 6-3 (Groundball, 6M, EV 93.1 MPH)
|
Top of the 8th over - 0 runs, 0 hits, 0 errors, 0 left on base; Portland 6 - Eugene 1 |
BOTTOM OF THE 8TH |
Eugene Emeralds batting - Pitching for Portland Beavers : RHP Roy Smith
|
Batting: LHB Terry Lee
|
0-0: Foul Ball, location: 2F 0-1: Swinging Strike 0-2: Foul Ball, location: 2F 0-2: Ball 1-2: Foul Ball, location: 2F 1-2: Foul Ball, location: 2F 1-2: Strikes out swinging
|
Batting: LHB James Peters
|
0-0: Ball 1-0: Called Strike 1-1: Swinging Strike 1-2: Strikes out swinging
|
Batting: LHB Randy Bush
|
0-0: Ball 1-0: Foul Ball, location: 2F 1-1: Foul Ball, location: 2F 1-2: Fly out, F6 (Popup, 56D, EV 39.4 MPH)
|
Bottom of the 8th over - 0 runs, 0 hits, 0 errors, 0 left on base; Portland 6 - Eugene 1 |
TOP OF THE 9TH |
Portland Beavers batting - Pitching for Eugene Emeralds : RHP Armando Gutierrez
|
Batting: RHB Robert Ferris
|
0-0: Called Strike 0-1: Ground out 2-3 (Groundball, 13S, EV 69.4 MPH)
|
Batting: RHB Pepe Mangual
|
0-0: Ball 1-0: Ball 2-0: Ball 3-0: Base on Balls
|
Batting: RHB Dave Huppert
|
0-0: Ball 1-0: Called Strike 1-1: Ball 2-1: Foul Ball, location: 2F 2-2: Foul Ball, location: 2F 2-2: Fly out, F9 (Line Drive, 9, EV 94.4 MPH)
|
Batting: LHB Pat Sheridan
|
0-0: Foul Ball, location: 2F 0-1: Ball 1-1: Called Strike 1-2: Ball Pepe Mangual steals 2nd base 2-2: Ground out 5-3 (Groundball, 5, EV 106.3 MPH)
|
Top of the 9th over - 0 runs, 0 hits, 0 errors, 1 left on base; Portland 6 - Eugene 1 |
BOTTOM OF THE 9TH |
Eugene Emeralds batting - Pitching for Portland Beavers : RHP Roy Smith
|
Pitching: RHP Luis Leal
|
|
Batting: LHB Ty Gainey
|
0-0: Ball 1-0: Ball 2-0: SINGLE (Line Drive, 5D, EV 95.6 MPH)
|
Batting: LHB Dave Revering
|
0-0: Foul Ball, location: 2F 0-1: Ball 1-1: Foul Ball, location: 2F 1-2: Ball 2-2: Foul Ball, location: 2F 2-2: Foul Ball, location: 2F 2-2: Strikes out swinging
|
Batting: RHB Tim Wallach
|
0-0: Ball 1-0: Fly out, F8 (Flyball, 89S, EV 93.8 MPH)
|
Batting: LHB Clay Hill
|
0-0: Ball 1-0: Foul Ball, location: 2F 1-1: Foul Ball, location: 2F 1-2: 2-RUN HOME RUN (Flyball, 89XD, EV 98.8 MPH), Distance : 426 ft
|
Batting: RHB Alan McDonald
|
0-0: Ball 1-0: DOUBLE (Line Drive, 78D, EV 108.1 MPH)
|
Batting: LHB Alfredo Edmead
|
0-0: Foul Ball, location: 2F 0-1: Ball 1-1: Ball 2-1: Swinging Strike 2-2: Strikes out swinging
|
Bottom of the 9th over - 2 runs, 3 hits, 0 errors, 1 left on base; Portland 6 - Eugene 3 |
|